 Dungeon Crawl Stone Soup version 0.25-a0-339-gb37b713 (webtiles) character file.

Game seed: 1300428184797984645, levelgen mode: deterministic

2838 Ayyar the Grappler (level 9, 0/87 (88) HPs)
             Began as a Troll Monk on Dec 28, 2019.
             Was a Priest of Nemelex Xobeh.
             Slain by a killer bee (6 damage)
             ... on level 8 of the Dungeon on Dec 29, 2019.
             The game lasted 00:35:11 (6512 turns).

Ayyar the Grappler (Troll Monk)                     Turns: 6512, Time: 00:35:12

HP:   0/87 (88)     AC:  7    Str: 24    XL:     9   Next: 46%
MP:   11/11         EV: 12    Int:  6    God:    Nemelex Xobeh [***...]
Gold: 351           SH:  0    Dex: 12    Spells: 8/8 levels left

rFire    . . .     SeeInvis +     - Unarmed
rCold    . . .     Gourm    +   (no shield)
rNeg     . . .     Faith    .   a - +0 robe
rPois    .         Spirit   .   (helmet restricted)
rElec    .         Reflect  .   D - +0 cloak
rCorr    .         Harm     .   (gloves unavailable)
MR       .....                  (boots unavailable)
Stlth    +++.......             (no amulet)
HPRegen  0.00/turn              n - ring of see invisible
MPRegen  0.12/turn              g - ring of stealth

@: lethally poisoned (0 -> -31), non-regenerating, diseased, very slow
A: large, unfitting armour, claws 3, fast metabolism 3, gourmand, regeneration
1, shaggy fur 1, tough skin 3
a: Draw Escape, Draw Destruction, Draw Summoning, Triple Draw, Renounce Religion


You were on level 8 of the Dungeon.
You worshipped Nemelex Xobeh.
Nemelex Xobeh was most pleased with you.
You were completely stuffed.

You visited 2 branches of the dungeon, and saw 9 of its levels.

You collected 351 gold pieces.

Inventory:

Hand Weapons
 I - a +3 morningstar
Armour
 a - a +0 robe (worn)
 D - a +0 cloak (worn)
Jewellery
 g - a ring of stealth (right claw)
 l - an uncursed ring of stealth
 n - a ring of see invisible (left claw)
 F - an uncursed ring of flight
Wands
 o - a wand of iceblast (5)
 p - a wand of random effects (16)
 y - a wand of digging (4)
 A - a wand of disintegration (15)
 E - a wand of paralysis (7)
Scrolls
 c - 2 scrolls of identify
 e - 2 scrolls of fog {unknown}
 f - 4 scrolls of remove curse
 i - 2 scrolls of enchant weapon {unknown}
 m - 3 scrolls of teleportation
 r - 2 scrolls of noise {unknown}
 s - 3 scrolls of fear
 t - 2 scrolls of amnesia
 u - a scroll of blinking {unknown}
 w - 2 scrolls of enchant armour {unknown}
 C - a scroll of vulnerability {unknown}
 G - a scroll of random uselessness {unknown}
 J - a scroll of magic mapping {unknown}
Potions
 d - 2 potions of brilliance {unknown}
 h - a potion of flight {unknown}
 j - 4 potions of might {unknown}
 k - a potion of invisibility {unknown}
 q - a potion of curing {unknown}
 v - 3 potions of lignification {unknown}
 x - 2 potions of heal wounds {unknown}
 z - a potion of agility {unknown}
 B - a potion of magic {unknown}
 H - a potion of ambrosia {unknown}
 L - a potion of resistance {unknown}
Comestibles
 b - 20 rations


   Skills:
 - Level 5.0 Fighting
 + Level 2.0 Maces & Flails
 - Level 5.0 Dodging
 - Level 1.0 Stealth
 + Level 9.0 Unarmed Combat
 + Level 4.7 Invocations
 - Level 2.0 Evocations


You had 8 spell levels left.
You didn't know any spells.
Your spell library contained the following spells:

 Spells                   Type           Power        Failure   Level  Hunger
 Beastly Appendage        Tmut           #.....       45%         1    ##.....
 Confusing Touch          Hex            #.....       45%         1    ##.....
 Sticks to Snakes         Tmut           #.......     58%         2    ###....
 Confuse                  Hex            #.......     83%         3    ####...
 Gell's Gravitas          Tloc           #.........   83%         3    ####...
 Spider Form              Tmut/Pois      #.........   83%         3    ####...
 Ice Form                 Ice/Tmut       #.......     99%         4    #####..
 Petrify                  Tmut/Erth      #.......     99%         4    #####..
 Blade Hands              Tmut           #.........   100%        5    ######.
 Metabolic Englaciation   Hex/Ice        #.........   100%        5    ######.
 Yara's Violent Unravell  Hex/Tmut       #.........   100%        5    ######.
 Freezing Cloud           Conj/Ice/Air   #.........   100%        6    #######
 Ozocubu's Refrigeration  Ice            #.........   100%        6    #######
 Simulacrum               Ice/Necr       #.........   100%        6    #######


Dungeon Overview and Level Annotations

Branches:
Dungeon (8/15)             Temple (1/1) D:5            Lair (0/6) D:8

Altars:
Ashenzari
Cheibriados
Dithmenos
Elyvilon
Fedhas
Gozag
Hepliaklqana
Nemelex Xobeh
Okawaru
Qazlal
Ru
Trog
Uskayaw
Vehumet
Wu Jian
Yredelemnul
The Shining One

Annotations:
D:4 1 runed translucent door, Crazy Yiuf


Innate Abilities, Weirdness & Mutations

You are too large for most types of armour.
You have claws for hands.
Your metabolism is lightning-fast.
You like to eat raw meat.
Your natural rate of healing is unusually fast.
You are covered in fur. (AC +1)
You have extremely tough skin. (AC +3)


Message History

* * * LOW HITPOINT WARNING * * *
You feel sick.
The killer bee stings you but does no damage.
The killer bee stings you.
* * * LOW HITPOINT WARNING * * *
You are more poisoned.
The killer bee poisons you!
You enter the shallow water.
Moving in this stuff is going to be slow.
* * * LOW HITPOINT WARNING * * *
You feel very sick. The killer bee stings you.
* * * LOW HITPOINT WARNING * * *
The killer bee misses you. The killer bee completely misses you.
The shadow imp grinds its teeth.
The killer bee stings you.
* * * LOW HITPOINT WARNING * * *
The killer bee stings you.
You die...
Your body glows with a rainbow of weird colours and disappears.

##..........#.#._..####
'######.............#.......#
....................#.#.....#
..≈≈................#.#.....#
...≈.......≈≈≈≈.....#.#.....#
.≈≈≈......≈≈≈≈≈..†..#.#.....#
..≈.........≈≈......#.#.....##
....≈.......yy......#.#.......
...≈....5..yy@......#.#.....##
......#....≈≈y...<..# +.....##
......#...≈≈≈.≈.....# #.....##
......#...≈≈≈.................
......'..≈≈≈...............###
..Z..#.........###.#####.....
...#.........# .[...)...## ##
#.........# ..........
..........


You could see 5 killer bees and a shadow imp.

Vanquished Creatures
  An ice beast (D:5)
  A necrophage (D:8)
  4 ogres
  7 centaurs
  4 bullfrogs
  3 killer bees (D:8)
  4 wights (D:7)
  5 crimson imps
  A howler monkey (D:4)
  A bullfrog zombie (D:5)
  A centaur zombie (D:7)
  2 quasits (D:8)
  2 jellies
  2 orc priests (D:7)
  3 hounds
  4 orc wizards
  Natasha (D:3)
  2 iguanas
  A worker ant (D:7)
  2 hound zombies
  A hound skeleton (D:4)
  A worker ant zombie (D:5)
  Robin (D:3)
  9 adders
  4 gnolls (D:5)
  A river rat (D:6)
  3 shadow imps
  An ooze (D:5)
  An adder zombie (D:6)
  2 worms
  4 dart slugs
  4 leopard geckos
  17 orcs
  4 giant cockroaches
  11 goblins
  17 hobgoblins
  6 jackals
  5 quokkas
  2 ball pythons
  9 bats
  2 frilled lizards
  4 kobolds
  A leopard gecko skeleton (D:7)
  A quokka skeleton (D:5)
  5 rats
167 creatures vanquished.

Vanquished Creatures (others)
  A sky beast (D:8)
  A hound (D:8)
  An iguana (D:8)
  An orc wizard (D:8)
4 creatures vanquished.

Grand Total: 171 creatures vanquished

Notes
Turn   | Place    | Note
-------+----------+-------------------------------------------
     0 | D:1      | Ayyar the Troll Monk began the quest for the Orb.
     0 | D:1      | Reached XP level 1. HP: 22/22 MP: 0/0
   193 | D:1      | Reached XP level 2. HP: 25/29 MP: 1/1
   677 | D:2      | You fall into a shaft and drop 2 floors!
   690 | D:4      | Reached XP level 3. HP: 36/36 MP: 2/2
   705 | D:4      | Reached XP level 4. HP: 37/45 MP: 3/3
   782 | D:4      | Noticed an ogre
   843 | D:5      | Entered Level 5 of the Dungeon
   843 | D:5      | Found a staircase to the Ecumenical Temple.
   843 | D:5      | Noticed an ogre
   861 | D:4      | Found a stormy altar of Qazlal.
   881 | D:4      | Found a blossoming altar of Fedhas.
   997 | D:4      | Reached skill level 4 in Unarmed Combat
  1026 | D:3      | Found a radiant altar of Vehumet.
  1109 | D:3      | Noticed Robin
  1117 | D:3      | Killed Robin
  1309 | D:2      | Reached XP level 5. HP: 53/53 MP: 4/4
  1735 | D:2      | Reached skill level 5 in Unarmed Combat
  2204 | D:3      | Noticed Natasha
  2460 | D:3      | Killed Natasha
  2673 | D:4      | Found a runed translucent door.
  2674 | D:4      | Noticed Crazy Yiuf
  2735 | D:4      | Killed an ogre
  2735 | D:4      | Reached XP level 6. HP: 61/61 MP: 5/5
  3062 | D:5      | Reached skill level 1 in Evocations
  3111 | Temple   | Entered the Ecumenical Temple
  3354 | Temple   | Became a worshipper of Nemelex Xobeh the Trickster
  3354 | Temple   | Received a gift from Nemelex Xobeh
  3354 | Temple   | Reached * piety under Nemelex Xobeh
  3354 | Temple   | Reached ** piety under Nemelex Xobeh
  3618 | D:5      | Reached XP level 7. HP: 68/68 MP: 7/7
  3627 | D:5      | Reached skill level 6 in Unarmed Combat
  4255 | D:5      | Reached XP level 8. HP: 38/79 MP: 8/8
  4518 | D:6      | Reached skill level 7 in Unarmed Combat
  4618 | D:6      | Found an iron altar of Okawaru.
  4620 | D:6      | Received a gift from Nemelex Xobeh
  4975 | D:7      | Reached skill level 5 in Fighting
  4975 | D:7      | Reached skill level 5 in Dodging
  5017 | D:7      | Reached skill level 1 in Invocations
  5277 | D:6      | Reached skill level 8 in Unarmed Combat
  5544 | D:7      | Reached XP level 9. HP: 77/88 MP: 10/10
  5556 | D:7      | Found an ornate altar of the Wu Jian Council.
  6047 | D:8      | Found a shattered altar of Ashenzari.
  6247 | D:8      | Found a staircase to the Lair.
  6338 | D:8      | Reached *** piety under Nemelex Xobeh
  6375 | D:8      | Reached skill level 1 in Maces & Flails
  6398 | D:8      | Found a glowing golden altar of the Shining One.
  6453 | D:8      | Found a bloodstained altar of Trog.
  6488 | D:8      | Reached skill level 9 in Unarmed Combat
  6512 | D:8      | Slain by a killer bee

Levels and vault maps discovered:
D:1:      scummos_arrival_star, layout_loops_ring
D:2:      layout_basic, kennysheep_path_1, kennysheep_generic_room_5
D:3:      layout_basic, fiery_altar_vehumet, first_ration, wad_floor_pattern_2,
          minmay_starry_boxes, uniq_natasha, uniq_robin
D:4:      layout_basic, grunt_temple_overflow_forces_of_nature,
          minmay_statues_item, uniq_crazy_yiuf_cottage
D:5:      layout_loops_ring, minmay_temple_entry_overgrown,
          kennysheep_opposing_triangles
D:6:      layout_basic, okawaru_metal_pillars_3
D:7:      layout_rooms, kennysheep_mini_moat
D:8:      cheibrodos_quashed, layout_basic, bloody_trog,
          chequers_temple_overflow_statue_of_worship, xom_confusion_cloud,
          old_standard_altar, cheibrodos_ashenzari_chains, lair_entry_dummy
Temple:   compressed_dpeg_triangle_lava_temple

Skill      XL: |  1  2  3  4  5  6  7  8  9 |
---------------+----------------------------+-----
Fighting       | 3 4 5 |  5.0
Dodging        | 3 4 5 |  5.0
Unarmed Combat | 4 5 6 8 9 |  9.0
Evocations     | 1 2 |  2.0
Invocations    | 3 4 |  4.7
Maces & Flails | 2 |  2.0
Stealth        | |  1.0

Action                   |  1- 3 |  4- 6 |  7- 9 || total
-------------------------+-------+-------+-------++-------
Melee: Unarmed           |    68 |   186 |   270 ||   524
       Punch             |       |     1 |    13 ||    14
 Abil: Draw Destruction  |       |     1 |     2 ||     3
Evoke: Wand              |       |       |     4 ||     4
  Use: Scroll            |       |     2 |     6 ||     8
 Stab: Distracted        |     1 |       |     1 ||     2
       Sleeping          |       |     8 |     4 ||    12
  Eat: Chunk             |    12 |    26 |    27 ||    65
Armor: Robe              |    22 |    57 |    77 ||   156
Dodge: Dodged            |    38 |    99 |   173 ||   310

Table legend:
 A = Non-vault XP
 B = Vault XP
 C = Vault XP percentage of total XP
 D = Non-vault monster count
 E = Vault monster count
 F = Vault count percentage of total count
                 A         B        C        D         E       F
            +---------+---------+-------+---------+---------+-------
      Total |    3620 |     435 |  10.7 |     140 |      28 |  16.7
            +---------+---------+-------+---------+---------+-------
        D:1 |      33 |       0 |   0.0 |      17 |       0 |   0.0
        D:2 |      62 |       2 |   3.1 |      20 |       1 |   4.8
        D:3 |      28 |      86 |  75.4 |      11 |      20 |  64.5
        D:4 |     239 |       0 |   0.0 |      10 |       0 |   0.0
        D:5 |    1077 |     129 |  10.7 |      30 |       3 |   9.1
        D:6 |     409 |       0 |   0.0 |      18 |       0 |   0.0
        D:7 |    1178 |       0 |   0.0 |      24 |       0 |   0.0
        D:8 |     594 |     218 |  26.8 |      10 |       4 |  28.6
            +---------+---------+-------+---------+---------+-------
